 Dungeon Crawl Stone Soup version 0.29-a0-231-g945431f764 (webtiles) character file.

Game seed: 8312997290260921327

345 maissbert the Ruffian (level 6, 0/61 HPs)
             Began as a Troll Berserker on Feb 28, 2022.
             Was a Believer of Trog (penitent).
             Slain by a polar bear (2 damage)
             ... created by the rage of Trog
             ... on level 4 of the Dungeon.
             The game lasted 00:47:59 (3135 turns).

maissbert the Ruffian (Troll Berserker)             Turns: 3135, Time: 00:47:59

Health: 0/61       AC: 10    Str: 28    XL:     6   Next: 32%
Magic:  5/5        EV:  8    Int:  3    God:    Trog [**....]
Gold:   140        SH:  0    Dex:  9    Spells: 2/5 levels left

rFire   + + .      SeeInvis .     - Unarmed
rCold   x . .      Faith    .   (no shield)
rNeg    . . .      Spirit   .   j - +0 fire dragon scales
rPois   +          Reflect  .   (helmet restricted)
rElec   .          Harm     .   (no cloak)
rCorr   .          Rampage  .   (gloves unavailable)
Will    .....                   (boots unavailable)
Stlth   ..........              C - amulet of magic regeneration
HPRegen 1.00/turn               B - ring of poison resistance
MPRegen 0.49/turn               (no ring)

@: no status effects
A: large, unfitting armour, claws 3, regeneration 1, shaggy fur 1, tough skin 1
a: Renounce Religion


You were on level 4 of the Dungeon.
You worshipped Trog.
Trog was demanding penance.
You visited 1 branch of the dungeon, and saw 4 of its levels.

You collected 308 gold pieces.
You spent 168 gold pieces at shops.

Inventory:

Hand Weapons
 s - a +0 giant club
 S - a +0 short sword
 U - a +0 dagger
 W - a +0 short sword
 X - a +0 club
Missiles
 b - 147 stones
 J - 2 boomerangs (quivered)
 Y - 4 poisoned darts
Armour
 a - a +0 animal skin
 g - a +0 robe
 h - a +0 ring mail
 j - +0 fire dragon scales (worn)
 p - a +0 leather armour
 z - a +0 robe
 O - a +0 leather armour
 V - a +0 leather armour
 Z - a +0 robe
Jewellery
 B - a ring of poison resistance (left claw)
 C - an amulet of magic regeneration (around neck)
Scrolls
 c - 3 scrolls of noise {unknown}
 d - 5 scrolls of teleportation {unknown}
 e - 6 scrolls of identify {unknown}
 f - a scroll of silence {unknown}
 n - a scroll of holy word {unknown}
 o - 2 scrolls of fog {unknown}
 v - a scroll of magic mapping {unknown}
 x - a scroll of acquirement {unknown}
 T - a scroll of blinking {unknown}
Potions
 i - a potion of magic {unknown}
 k - a potion of invisibility {unknown}
 l - a potion of heal wounds {unknown}
 m - a potion of attraction {unknown}
 q - a potion of degeneration {unknown}
 r - 2 potions of haste {unknown}
 t - a potion of lignification {unknown}
 w - 2 potions of curing
 F - 2 potions of mutation {unknown}


   Skills:
 + Level 3.1 Fighting
 + Level 1.5 Armour
 + Level 3.3 Dodging
 + Level 0.4 Stealth
 + Level 5.5 Unarmed Combat


You had 2 spell levels left.
You knew the following spells:

 Your Spells              Type           Power      Damage    Failure   Level
a - Conjure Flame         Conj/Fire      0%         6-21      99%         3

Your spell library contained the following spells:

 Spells                   Type           Power      Damage    Failure   Level
 Corpse Rot               Necr/Air       0%         N/A       94%         2
 Poisonous Vapours        Pois/Air       0%         N/A       94%         2
 Ignite Poison            Fire/Tmut/Pois 0%         N/A       99%         3
 Sticky Flame             Conj/Fire      0%         2d3       100%        4


Dungeon Overview and Level Annotations

Branches:
Dungeon (4/15)
 Temple: D:4-7

Altars:
Qazlal

Shops:
D:3 :


Innate Abilities, Weirdness & Mutations

You are too large for most types of armour.
You have claws for hands.
Your natural rate of healing is unusually fast.
You are covered in fur. (AC +1)
You have tough skin. (AC +1)


Message History

The black bear bites you. The black bear claws you.
The black bear claws you but does no damage.
The polar bear bites you.
The polar bear claws you but does no damage.
The polar bear closely misses you.
The polar bear bites you but does no damage.
The polar bear claws you.
The polar bear claws you but does no damage.
The black bear bites you.
The black bear claws you but does no damage.
The black bear completely misses you.
You mangle the black bear!!
The black bear is heavily wounded.
The black bear bites you.
The black bear claws you but does no damage. x2
The polar bear barely misses you.
The polar bear claws you but does no damage.
The polar bear barely misses you. The polar bear bites you.
The polar bear closely misses you. The polar bear claws you.
The black bear bites you. The black bear claws you.
The black bear closely misses you.
The black bear bites you but does no damage.
The black bear claws you but does no damage.
The black bear barely misses you. The polar bear bites you!
The polar bear claws you. x2
* * * LOW HITPOINT WARNING * * *
The polar bear bites you but does no damage.
The polar bear claws you but does no damage. x2
The black bear barely misses you.
The black bear claws you but does no damage.
The black bear barely misses you.
The black bear bites you but does no damage.
The black bear claws you.
* * * LOW HITPOINT WARNING * * *
The black bear barely misses you.
It was a potion of curing.
You feel better. The polar bear bites you!
* * * LOW HITPOINT WARNING * * *
The polar bear barely misses you. The polar bear closely misses you.
The polar bear misses you. The polar bear claws you.
You die...

#.......#..#
#......##..# ####
##.....######+###...
##.....##..##..##...
#...........#..#....
#.).........#..#....
#..h........'..#....
#.hhh....>..#..#....
##.@##.##.###..##...
##hh#####.####†#####
#...#.....#.........
#...#.....#.........
#...#..>..#.....)...
##..##..####..###...
################...
#......#....
#......'....


You could see 3 polar bears and 3 black bears.

Vanquished Creatures
  An ogre (D:2)
  A scorpion (D:4)
  4 gnolls (D:3)
  6 adders
  5 worms
  4 dart slugs
  3 orcs
  9 ball pythons
  6 endoplasms
  6 giant cockroaches
  2 hobgoblins (D:2)
  9 jackals
  2 quokkas
  5 bats
  5 frilled lizards
  6 goblins
  6 kobolds
  4 rats
84 creatures vanquished.

Notes
Turn   | Place    | Note
-------+----------+-------------------------------------------
     0 | D:1      | maissbert the Troll Berserker began the quest for the Orb.
     0 | D:1      | Reached XP level 1. HP: 22/22 MP: 0/0
   128 | D:1      | You fall into a shaft and drop 1 floor!
   130 | D:2      | Reached XP level 2. HP: 29/29 MP: 1/1
   159 | D:2      | Noticed an ogre
   561 | D:1      | Found a faded altar of an unknown god.
   950 | D:1      | Reached XP level 3. HP: 36/36 MP: 2/2
  1384 | D:2      | Killed an ogre
  1384 | D:2      | Reached ** piety under Trog
  1385 | D:2      | Reached skill level 4 in Unarmed Combat
  1385 | D:2      | Reached XP level 4. HP: 24/45 MP: 3/3
  1436 | D:2      | Reached XP level 5. HP: 53/53 MP: 4/4
  2123 | D:3      | Reached skill level 5 in Unarmed Combat
  2208 | D:3      | Reached skill level 1 in Armour
  2634 | D:3      | Found Wechier's Book Boutique.
  2665 | D:3      | Bought a book of Vapours for 168 gold pieces
  2672 | D:3      | Was placed under penance by Trog
  2676 | D:3      | Learned a level 3 spell: Conjure Flame
  2801 | D:4      | Found a stormy altar of Qazlal.
  2859 | D:4      | Reached XP level 6. HP: 39/61 MP: 5/5
  3131 | D:4      | Noticed a polar bear
  3131 | D:4      | Noticed a polar bear
  3131 | D:4      | Noticed a polar bear
  3135 | D:4      | HP: 2/61 [polar bear[the rage of Trog] (17)]
  3135 | D:4      | Slain by a polar bear

Illustrated notes

Levels and vault maps discovered:
D:1:      ncdulo_halloftheorcs, layout_basic, nicolae_ecumenical_snake_handling
D:2:      layout_rooms
D:3:      layout_rooms, serial_shops, shop_coins,
          minmay_fractal_squares_diagonal_5
D:4:      layout_gridville, nicolae_qazlal_scattered_showers

Skill      XL: |  1  2  3  4  5 |
---------------+----------------+-----
Fighting       | 3 |  3.1
Dodging        | 3 |  3.3
Unarmed Combat | 4 5 |  5.5
Armour         | 1 |  1.5
Stealth        | |  0.4

Action                   |  1- 3 |  4- 6 || total
-------------------------+-------+-------++-------
Melee: Unarmed           |    64 |   153 ||   217
       Punch             |       |     7 ||     7
  Use: Potion            |       |     1 ||     1
 Stab: Sleeping          |     1 |       ||     1
Armor: Animal skin       |     1 |       ||     1
       Fire dragon scale |    19 |    96 ||   115
Dodge: Dodged            |    25 |    81 ||   106

Table legend: (Time is in decaauts)
 A = Elapsed time spent in this place.
 B = Non-inter-level travel time spent in this place.
 C = Inter-level travel time spent in this place.
 D = Time resting spent in this place.
 E = Time spent auto-exploring this place.
 F = Levels seen in this place.
 G = Mean time per level.
                   A        B        C        D        E       F      G
               +--------+--------+--------+--------+--------+-----+--------+
         Total |   3121 |   3118 |      3 |    309 |   1371 |   4 |  780.2 |
       Dungeon |   3121 |   3118 |      3 |    309 |   1371 |   4 |  780.2 |
               +--------+--------+--------+--------+--------+-----+--------+

Top non-repeatable levels by time:
     D:1: 1349 daAuts
     D:2: 743 daAuts
     D:3: 613 daAuts
     D:4: 414 daAuts
